 Dungeon Crawl Stone Soup version 0.28.0 (webtiles) character file.

Game seed: 13545575498301515477

1097 zeram the Covered (level 8, -6/46 HPs)
             Began as a Gargoyle Fighter on Feb 14, 2022.
             Was an Initiate of Gozag.
             Mangled by an ogre (23 damage)
             ... on level 5 of the Dungeon.
             The game lasted 00:06:59 (6114 turns).

zeram the Covered (Gargoyle Fighter)                Turns: 6114, Time: 00:06:59

Health: -6/46      AC: 20    Str: 21    XL:     8   Next: 31%
Magic:  8/8        EV: 10    Int: 10    God:    Gozag
Gold:   380        SH:  5    Dex: 15    Spells: 7/7 levels left

rFire   . . .      SeeInvis .   i - +1 mace (protect)
rCold   . . .      Faith    .   b - +0 buckler
rNeg    + . .      Spirit   .   a - +0 scale mail
rPois   ∞          Reflect  .   (no helmet)
rElec   +          Harm     .   (no cloak)
rCorr   .          Rampage  .   (no gloves)
Will    .....                   (no boots)
Stlth   ..........              (no amulet)
HPRegen 0.15/turn               h - +6 ring of dexterity
MPRegen 0.11/turn               (no ring)

@: gold aura, under a protective aura, studying Armour
A: sickness immunity, AC +5, negative energy resistance 1, electricity
resistance, torment resistance 1, petrification resistance
a: Renounce Religion, Potion Petition, Call Merchant, Bribe Branch


You were on level 5 of the Dungeon.
You worshipped Gozag.
Gozag was aware of your devotion.
You visited 1 branch of the dungeon, and saw 5 of its levels.

You collected 443 gold pieces.
You paid 63 gold pieces to Gozag.

Inventory:

Hand Weapons
 d - a +0 dagger
 i - a +1 mace of protection (weapon)
Armour
 a - a +0 scale mail (worn)
 b - a +0 buckler (worn)
Jewellery
 h - a +6 ring of dexterity (left hand)
 n - a ring of protection from fire
Wands
 c - a wand of paralysis (9)
 e - a wand of flame (7)
 p - a wand of mindburst (22)
Scrolls
 l - a scroll of teleportation
Potions
 f - 2 potions of attraction {unknown}
 g - 2 potions of heal wounds
 j - a potion of degeneration {unknown}
 k - 4 potions of curing
 m - 2 potions of lignification {unknown}
 o - a potion of flight {unknown}


   Skills:
 - Level 3.2 Fighting
 + Level 5.8 Maces & Flails
 + Level 7.2 Armour
 + Level 2.5 Dodging
 + Level 5.3 Shields
 - Level 2.0 Unarmed Combat


You had 7 spell levels left.
You didn't know any spells.
Your spell library contained the following spells:

 Spells                   Type           Power      Damage    Failure   Level
 Magic Dart               Conj           0%         1d3       77%         1
 Blink                    Tloc           0%         N/A       88%         2
 Call Imp                 Summ           0%         N/A       88%         2
 Gell's Gravitas          Tloc           0%         N/A       98%         3
 Lesser Beckoning         Tloc           0%         N/A       98%         3
 Mephitic Cloud           Conj/Pois/Air  0%         N/A       98%         3
 Stone Arrow              Conj/Erth      0%         3d7       98%         3
 Teleport Other           Tloc           0%         N/A       98%         3
 Animate Armour           Summ/Erth      0%         N/A       100%        4
 Manifold Assault         Tloc           0%         N/A       100%        5
 Lehudib's Crystal Spear  Conj/Erth      0%         10d2      100%        8


Dungeon Overview and Level Annotations

Branches:
Dungeon (5/15)             Temple (0/1) D:4

Altars:
Gozag
Okawaru
Xom

Shops:
D:2 *


Innate Abilities, Weirdness & Mutations

You are immune to sickness and miasma.
Your stone body is resilient. (AC +5)
You are immune to poison.
You resist negative energy. (rN+)
You are resistant to electric shocks. (rElec)
You are resistant to unholy torment.
You are immune to petrification.


Message History

You hit the ogre.
The ogre is lightly wounded.
The ogre hits you with a +0 giant club.
You hit the ogre.
The ogre is lightly wounded.
The ogre hits you but does no damage.
You closely miss the ogre.
The ogre is lightly wounded.
The ogre closely misses you.
You sock the ogre!
The ogre is heavily wounded.
You block the ogre's attack.
You hit the ogre.
The ogre is severely wounded.
The ogre misses you.
You sock the ogre!
The ogre is almost dead.
You hit the ogre.
The ogre is almost dead.
The ogre hits you with a +0 giant club!
You hit the ogre but do no damage.
The ogre is almost dead.
The ogre hits you with a +0 giant club!
You barely miss the ogre.
The ogre is almost dead.
You block the ogre's attack.
You barely miss the ogre.
The ogre is almost dead.
The ogre hits you with a +0 giant club.
You hit the ogre.
You kill the ogre!
You sock the ogre!
The ogre is moderately wounded.
You block the ogre's attack.
You sock the ogre!
The ogre is severely wounded.
The ogre hits you with a +0 giant club!!
Ouch! That really hurt!
You die...
Your body crumbles into a pile of gold.

#.#.### .#.#. $
..... ... ...
#.###.#####.#
#...........#
#####O# #...#@#
#.....#
###.###.########
................
###.###.########
#.####.#
#......#
######.# ### #.#


You could see an ogre.

Vanquished Creatures
  Grinder (D:3)
  The ghost of oldriver the Vandal, an amateur FoHu (D:3)
  A necrophage (D:4)
  2 ogres
  2 phantoms
  A jelly (D:4)
  A hound (D:3)
  An iguana (D:5)
  Natasha (thrice) (D:2)
  2 orc wizards
  A hound skeleton (D:5)
  5 adders
  A white imp (D:3)
  An ufetubus (D:5)
  A worm (D:2)
  5 dart slugs
  13 orcs
  2 ball pythons
  3 endoplasms
  2 giant cockroaches
  8 goblins
  3 hobgoblins
  14 kobolds
  5 quokkas
  3 bats
  3 frilled lizards
  5 rats
90 creatures vanquished.

Vanquished Creatures (others)
  An orc wizard (D:3)
1 creature vanquished.

Grand Total: 91 creatures vanquished

Notes
Turn   | Place    | Note
-------+----------+-------------------------------------------
     0 | D:1      | zeram the Gargoyle Fighter began the quest for the Orb.
     0 | D:1      | Reached XP level 1. HP: 14/14 MP: 1/1
   259 | D:1      | Reached XP level 2. HP: 19/19 MP: 2/2
  1359 | D:2      | Reached XP level 3. HP: 15/23 MP: 3/3
  1384 | D:2      | Reached skill level 4 in Armour
  1891 | D:2      | Found Luesaut's Assorted Antiques.
  2042 | D:2      | Noticed Natasha
  2055 | D:2      | Killed Natasha
  2056 | D:2      | Reached XP level 4. HP: 9/28 MP: 4/4
  2321 | D:2      | Noticed Natasha
  2331 | D:2      | Killed Natasha
  2382 | D:2      | Noticed Natasha
  2389 | D:2      | Killed Natasha
  2390 | D:2      | Reached skill level 1 in Dodging
  2469 | D:2      | Reached skill level 5 in Armour
  2469 | D:2      | Reached XP level 5. HP: 32/32 MP: 5/5
  2473 | D:2      | Found a faded altar of an unknown god.
  2928 | D:3      | Reached skill level 1 in Maces & Flails
  2955 | D:3      | Found a large runed translucent door.
  2959 | D:3      | Found a large runed translucent door.
  2961 | D:3      | Found a shimmering altar of Xom.
  3238 | D:3      | Noticed Grinder
  3256 | D:3      | Paralysed by Grinder for 3 turns
  3265 | D:3      | Killed Grinder
  3266 | D:3      | Reached XP level 6. HP: 13/37 MP: 6/6
  3836 | D:3      | Found a runed translucent gate.
  3837 | D:3      | Found a runed translucent gate.
  3837 | D:3      | Found an opulent altar of Gozag.
  3838 | D:3      | Found a runed translucent gate.
  3839 | D:3      | Noticed oldriver's ghost (amateur FoHu)
  4252 | D:3      | Reached XP level 7. HP: 35/41 MP: 7/7
  4275 | D:3      | Killed oldriver's ghost
  4276 | D:3      | Reached skill level 6 in Armour
  4287 | D:3      | Became a worshipper of Gozag Ym Sagoz the Greedy
  4485 | D:3      | Identified a scroll of acquirement
  4485 | D:3      | Acquired a manual of Armour
  4672 | D:4      | Found an iron altar of Okawaru.
  4789 | D:4      | Reached skill level 5 in Shields
  5191 | D:4      | Found a staircase to the Ecumenical Temple.
  5282 | D:4      | Reached skill level 5 in Maces & Flails
  5287 | D:4      | Reached XP level 8. HP: 14/46 MP: 8/8
  5711 | D:5      | Entered Level 5 of the Dungeon
  5972 | D:5      | Reached skill level 7 in Armour
  6114 | D:5      | Mangled by an ogre

Illustrated notes

Levels and vault maps discovered:
D:1:      nzn_arrival_water_spiral, layout_loops_ring
D:2:      layout_basic, ebering_ecumenical_altar_sacrificial, serial_shops,
          nicolae_shop_crystal, kennysheep_generic_room_8, uniq_natasha
D:3:      due_chaos_kobolds, layout_basic, ebering_ghost_gozag, uniq_grinder
D:4:      layout_basic, nicolae_overflow_crystal_walls, minmay_temple_entry_mist
D:5:      layout_basic, chequers_serial_rivers_large_a

Skill      XL: |  1  2  3  4  5  6  7  8 |
---------------+-------------------------+-----
Armour         | 4 5 6 7 |  7.2
Shields        | 4 5 |  5.3
Dodging        | 1 2 |  2.5
Maces & Flails | 3 5 |  5.8
Fighting       | |  3.2
Unarmed Combat | |  2.0

Action                   |  1- 3 |  4- 6 |  7- 9 || total
-------------------------+-------+-------+-------++-------
Melee: Dagger            |   144 |       |       ||   144
       Unarmed           |     5 |       |       ||     5
       Mace              |    19 |   162 |   165 ||   346
  Use: Scroll            |       |     3 |     4 ||     7
       Potion            |       |     2 |       ||     2
Armor: Scale mail        |    88 |    98 |    66 ||   252
Dodge: Dodged            |    63 |    76 |    72 ||   211
Block: Buckler           |    22 |    48 |    31 ||   101
